 Dungeon Crawl Stone Soup version 0.30-a0-1157-g2cc9ac7196 (webtiles) character file.

Game seed: 3774253110766428674

14125 retardedninja the Thaumaturge (level 12, -1/136 HPs)
             Began as a Gnoll Fire Elementalist on Apr 24, 2023.
             Was a High Priest of Cheibriados.
             Slain by a hell hound (8 damage)
             ... on level 10 of the Dungeon.
             The game lasted 00:27:38 (18361 turns).

retardedninja the Thaumaturge (GnFE)               Turns: 18361, Time: 00:27:38

Health: -1/136     AC:  9    Str: 19    XL:     12   Next: 13%
Magic:  31/42      EV: 19    Int: 36    God:    Cheibriados [*****.]
Gold:   814        SH:  0    Dex: 24    Spells: 18/28 levels left

rFire   . . .        q - +3 long sword of the Howling One {heavy, Int+6}
rCold   . . .        (no shield)
rNeg    + . .        a - +0 robe
rPois   .            j - +2 hat
rElec   .            c - +0 cloak
rCorr   .            B - +2 pair of gloves of Uphiph {rN+}
SInv    .            (no boots)
Will    .....        (no amulet) Stlth
                     v - ring of magical power
HPRegen 0.42/turn    E - ring of magical power
MPRegen 0.28/turn

%: no passive effects
@: berserking (expiring), invisible, very slow
A: fangs 1, strong nose, distributed training
a: Renounce Religion, Bend Time, Temporal Distortion, Slouch, Step From Time


You were on level 10 of the Dungeon.
You worshipped Cheibriados.
Cheibriados was extremely pleased with you.
You visited 2 branches of the dungeon, and saw 12 of its levels.
You also visited: Ossuary.

You collected 934 gold pieces.
You spent 120 gold pieces at shops.

Inventory:

Hand Weapons
 q - the +3 long sword of the Howling One (weapon) {heavy, Int+6}
   (You found it on level 3 of the Dungeon)

   Int:       It affects your intelligence (+6).
Missiles
 o - a throwing net
Armour
 a - a +0 robe (worn)
 c - a +0 cloak (worn)
 j - a +2 hat (worn)
 B - the +2 pair of gloves of Uphiph (worn) {rN+}
   (You found it on level 7 of the Dungeon)

   rN:        It protects you from negative energy.
Jewellery
 v - a ring of magical power (left hand)
 E - a ring of magical power (right hand)
Wands
 t - a wand of roots (14)
 w - a wand of polymorph (1)
 F - a wand of paralysis (1)
Scrolls
 h - 7 scrolls of teleportation
 k - 4 scrolls of vulnerability
 p - a scroll of fog
 s - a scroll of amnesia
 x - a scroll of magic mapping
Potions
 b - 2 potions of magic
 d - 4 potions of brilliance
 e - 2 potions of flight
 i - a potion of attraction
 l - 2 potions of cancellation
 m - 5 potions of mutation
 n - 2 potions of resistance
 z - a potion of might
 C - 2 potions of lignification
 D - a potion of berserk rage
Miscellaneous
 u - a box of beasts (inert)


   Skills:
 + Level 7.2 Fighting
 + Level 7.2 Short Blades
 + Level 7.2 Long Blades
 + Level 7.2 Axes
 + Level 7.2 Maces & Flails
 + Level 7.2 Polearms
 + Level 7.2 Staves
 + Level 7.2 Ranged Weapons
 + Level 7.2 Throwing
 + Level 7.2 Armour
 + Level 8.6 Dodging
 + Level 8.4 Stealth
 + Level 7.2 Shields
 + Level 7.2 Unarmed Combat
 + Level 8.9 Spellcasting
 + Level 6.4 Conjurations
 + Level 6.0 Hexes
 + Level 6.0 Summonings
 + Level 6.0 Necromancy
 + Level 6.0 Translocations
 + Level 6.0 Transmutations
 + Level 8.2 Fire Magic
 + Level 6.0 Ice Magic
 + Level 6.0 Air Magic
 + Level 6.0 Earth Magic
 + Level 6.0 Poison Magic
 + Level 7.9 Invocations
 + Level 7.2 Evocations


You had 18 spell levels left.
You knew the following spells:

 Your Spells              Type           Power      Damage    Failure   Level
a - Foxfire               Conj/Fire      100%       2x1d9     1%          1
b - Scorch                Fire           100%       2d9       1%          2
c - Flame Wave            Conj/Fire      62%        2d14      1%          4
d - Inner Flame           Hex/Fire       61%        N/A       1%          3

Your spell library contained the following spells:

 Spells                   Type           Power      Damage    Failure   Level
 Magic Dart               Conj           100%       1d8       1%          1
 Summon Small Mammal      Summ           100%       N/A       1%          1
 Searing Ray              Conj           100%       2d8       1%          2
 Call Canine Familiar     Summ           56%        N/A       1%          3
 Ozocubu's Armour         Ice            56%        N/A       1%          3
 Summon Guardian Golem    Hex/Summ       56%        N/A       1%          3
 Volatile Blastmotes      Fire/Tloc      100%       2d18      1%          3
 Fulminant Prism          Conj/Hex       28%        3d14      1%          4
 Animate Dead             Necr           56%        N/A       2%          4
 Borgnjor's Vile Clutch   Necr/Erth      28%        N/A       6%          5
 Metabolic Englaciation   Hex/Ice        28%        N/A       6%          5
 Yara's Violent Unravell  Hex/Tmut       28%        3d12      6%          5
 Death Channel            Necr           28%        N/A       32%         6
 Simulacrum               Ice/Necr       28%        N/A       32%         6
 Enfeeble                 Hex            28%        N/A       88%         7


Dungeon Overview and Level Annotations

Branches:
Dungeon (11/15)            Temple (1/1) D:5            Lair (0/5) D:11
Ossuary (visited)
    Orc: D:9-12

Altars:
Ashenzari
Cheibriados
Dithmenos
Elyvilon
Fedhas
Gozag
Hepliaklqana
Kikubaaqudgha
Makhleb
Nemelex Xobeh
Okawaru
Qazlal
Ru
Sif Muna
Trog
Uskayaw
Vehumet
Wu Jian
Xom
Yredelemnul
Zin
The Shining One
Lugonu

Shops:
D:6 !

Annotations:
D:8 2 transporters, patfeehan111222's ghost, novice DsBe
D:11 exclusion: 2 oklob plants


Innate Abilities, Weirdness & Mutations

You have very sharp teeth.
Your uncanny sense of smell can sniff out nearby items.
Your experience applies equally to all skills.


Message History

The hell hound misses you. The flying skull closely misses you.
A wave of flame ripples out!
The flame wave engulfs the hell hound.
The hell hound completely resists.
The flame wave engulfs the flying skull.
The flying skull resists.
You destroy the flying skull!
Cheibriados thoroughly appreciates the change of pace.
The hell hound stops to sniff the ground.
The hell hound barely misses you. The hell hound closely misses you.
A wave of flame ripples out!
The flame wave engulfs the hell hound.
The hell hound completely resists.
You finish channelling waves of flame.
The hell hound closely misses you.
Unknown command.
The hell hound misses you. The hell hound closely misses you.
It was a potion of invisibility.
You fade into invisibility!
The hell hound misses you.
The hell hound attacks as you move away!
The hell hound closely misses you.
The hell hound bites you but does no damage. x2
A red film seems to cover your vision as you go berserk!
Cheibriados forces you to slow down.
You feel mighty! The hell hound bites you.
* * * LOW HITPOINT WARNING * * *
You barely miss the hell hound. The hell hound misses you.
The hell hound barely misses you. The hell hound bites you.
* * * LOW HITPOINT WARNING * * *
You barely miss the hell hound.
The hell hound completely misses you. x2
You closely miss the hell hound. Your punch misses the hell hound.
The hell hound misses you.
The hell hound bites you but does no damage.
You slice the hell hound!!
The hell hound is severely wounded.
The hell hound misses you.
The hell hound bites you but does no damage. x2
You miss the hell hound. Your punch misses the hell hound.
Your bite misses the hell hound.
The hell hound is severely wounded.
The hell hound bites you!
You die...

......#.........###..........#
......#......#..##.........###
............(#..............##
......<......................#
........................##...#
.....>................####...#
........................######
...............h.........#
.......##..#....@..##..###
.......#####......!....#
........#.####.#......##
...###......##....##### ..##
#.............#
...###.......##...##
...#........####.##
.#....###.#.# ###
.#.....######


You could see a hell hound.

Vanquished Creatures
  A two-headed ogre (D:11)
  Pikel (D:5)
  A cyclops (D:11)
  An eye of devastation (D:10)
  A kobold demonologist (D:10)
  A komodo dragon (D:10)
  3 centaur skeletons (D:11)
  A troll (D:9)
  A hornet (D:10)
  A meliai zombie (D:11)
  7 flying skulls
  A shadow (D:10)
  A vampire (D:9)
  6 wraiths
  A centaur simulacrum (D:11)
  16 yaks
  An unseen horror simulacrum (D:9)
  A basilisk (D:11)
  5 vampire mosquitoes
  Edmund (D:5)
  3 wargs (D:11)
  2 water moccasins
  A black bear (D:6)
  A sky beast (D:7)
  3 orc warriors
  4 ice beasts
  2 ogres
  4 lemures (D:5)
  3 kobold brigands
  3 phantoms
  A gnoll sergeant (D:9)
  3 scorpions
  3 bullfrogs
  13 wights
  3 killer bees (D:9)
  2 centaur zombies (D:9)
  2 hounds (D:7)
  2 human zombies (Ossuary)
  A gnoll bouda (D:7)
  4 orc priests (D:8)
  2 jellies
  4 iguanas
  2 sleepcaps
  6 orc wizards
  2 hell rats (D:11)
  A killer bee zombie (D:9)
  6 mummies (Ossuary)
  A howler monkey zombie (D:9)
  12 gnolls
  8 adders
  2 shadow imps (D:6)
  2 ufetubi
  5 worms
  2 dart slugs (D:3)
  22 orcs
  6 endoplasms
  2 giant cockroaches
  10 goblins
  8 hobgoblins
  19 kobolds
  3 quokkas
  9 ball pythons
  4 bats
  4 frilled lizards
  A goblin zombie (Ossuary)
  A hobgoblin zombie (Ossuary)
  2 kobold zombies (Ossuary)
  2 orc zombies (Ossuary)
  11 rats
271 creatures vanquished.

Vanquished Creatures (collateral kills)
  A komodo dragon (D:11)
  A vampire mosquito (D:11)
  A howler monkey zombie (D:11)
3 creatures vanquished.

Vanquished Creatures (others)
  1084 foxfires
  14 plants (D:11)
1098 creatures vanquished.

Grand Total: 1372 creatures vanquished

Notes
Turn   | Place    | Note
-------+----------+-------------------------------------------
     0 | D:1      | retardedninja the Gnoll Fire Elementalist began the quest
                  | for the Orb.
     0 | D:1      | Reached XP level 1. HP: 13/13 MP: 6/6
   350 | D:1      | Reached XP level 2. HP: 19/19 MP: 4/7
   525 | D:1      | You fall into a shaft and drop 1 floor!
  1210 | D:1      | Reached skill level 5 in Spellcasting
  1210 | D:1      | Reached XP level 3. HP: 25/25 MP: 4/9
  1714 | D:2      | Reached skill level 1 in Invocations
  1866 | D:2      | Found a faded altar of an unknown god.
  1955 | D:2      | Reached skill level 1 in Fighting
  1955 | D:2      | Reached skill level 1 in Short Blades
  1955 | D:2      | Reached skill level 1 in Long Blades
  1955 | D:2      | Reached skill level 1 in Axes
  1955 | D:2      | Reached skill level 1 in Maces & Flails
  1955 | D:2      | Reached skill level 1 in Polearms
  1955 | D:2      | Reached skill level 1 in Staves
  1955 | D:2      | Reached skill level 1 in Ranged Weapons
  1955 | D:2      | Reached skill level 1 in Throwing
  1955 | D:2      | Reached skill level 1 in Armour
  1955 | D:2      | Reached skill level 1 in Shields
  1955 | D:2      | Reached skill level 1 in Unarmed Combat
  1955 | D:2      | Reached skill level 1 in Evocations
  2406 | D:3      | Reached XP level 4. HP: 27/32 MP: 8/11
  2438 | D:3      | Noticed an ogre
  2884 | D:3      | Learned a level 2 spell: Scorch
  2914 | D:3      | Killed an ogre
  2915 | D:3      | Reached skill level 1 in Hexes
  2915 | D:3      | Reached skill level 1 in Summonings
  2915 | D:3      | Reached skill level 1 in Necromancy
  2915 | D:3      | Reached skill level 1 in Translocations
  2915 | D:3      | Reached skill level 1 in Transmutations
  2915 | D:3      | Reached skill level 1 in Ice Magic
  2915 | D:3      | Reached skill level 1 in Air Magic
  2915 | D:3      | Reached skill level 1 in Earth Magic
  2915 | D:3      | Reached skill level 1 in Poison Magic
  2915 | D:3      | Reached XP level 5. HP: 37/37 MP: 6/12
  3319 | D:3      | Identified the +3 long sword of the Howling One {heavy,
                  | Int+6}
  3697 | D:3      | Found an ancient bone altar of Kikubaaqudgha.
  4402 | D:4      | Found a shimmering altar of Xom.
  4581 | D:4      | Reached XP level 6. HP: 44/44 MP: 9/13
  4724 | D:4      | Found a glowing golden altar of the Shining One.
  4754 | D:4      | Found a sand-covered staircase.
  4762 | Ossuary  | Entered an ossuary
  4862 | Ossuary  | Reached skill level 5 in Dodging
  5654 | D:4      | Reached XP level 7. HP: 50/50 MP: 11/15
  5854 | D:5      | Entered Level 5 of the Dungeon
  6301 | D:5      | Reached skill level 5 in Stealth
  6440 | D:5      | Reached XP level 8. HP: 58/58 MP: 16/16
  6491 | D:5      | Noticed Pikel
  6596 | D:5      | Found a stormy altar of Qazlal.
  6656 | D:5      | Noticed Edmund
  6672 | D:5      | Killed Edmund
  6826 | D:5      | Killed Pikel
  7584 | D:5      | Reached XP level 9. HP: 38/65 MP: 18/18
  7765 | D:5      | Found a staircase to the Ecumenical Temple.
  7838 | Temple   | Entered the Ecumenical Temple
  7872 | Temple   | Became a worshipper of Cheibriados the Contemplative
  8112 | D:6      | Found Porey's Distillery.
  8129 | D:6      | Bought a potion of magic for 120 gold pieces
  8697 | D:6      | Reached * piety under Cheibriados
  8800 | D:6      | Found a sacrificial altar of Ru.
  8880 | D:6      | Found a hide-covered altar of Uskayaw.
  9066 | D:6      | Learned a level 4 spell: Flame Wave
  9070 | D:6      | Learned a level 3 spell: Inner Flame
  9179 | D:7      | Reached skill level 5 in Invocations
  9484 | D:7      | Reached ** piety under Cheibriados
  9774 | D:7      | Found a broken altar of Ashenzari.
  9832 | D:7      | Identified the +2 pair of gloves of Uphiph {rN+}
  9887 | D:7      | Found a burning altar of Makhleb.
 10419 | D:8      | Reached skill level 5 in Fighting
 10419 | D:8      | Reached skill level 5 in Short Blades
 10419 | D:8      | Reached skill level 5 in Long Blades
 10419 | D:8      | Reached skill level 5 in Axes
 10419 | D:8      | Reached skill level 5 in Maces & Flails
 10419 | D:8      | Reached skill level 5 in Polearms
 10419 | D:8      | Reached skill level 5 in Staves
 10419 | D:8      | Reached skill level 5 in Ranged Weapons
 10419 | D:8      | Reached skill level 5 in Throwing
 10419 | D:8      | Reached skill level 5 in Armour
 10419 | D:8      | Reached skill level 5 in Shields
 10419 | D:8      | Reached skill level 5 in Unarmed Combat
 10419 | D:8      | Reached skill level 5 in Evocations
 10419 | D:8      | Reached XP level 10. HP: 62/74 MP: 20/20
 10938 | D:8      | Found a transporter.
 10944 | D:8      | Noticed patfeehan111222's ghost (novice DsBe)
 11040 | D:8      | Found a sparkling altar of Nemelex Xobeh.
 11070 | D:8      | Found a transporter.
 11073 | D:8      | a hog changed into a cane toad
 11073 | D:8      | Noticed a cane toad (shapeshifter)
 11173 | D:8      | Found a glowing silver altar of Zin.
 11584 | D:9      | Found a radiant altar of Vehumet.
 11628 | D:9      | Reached skill level 5 in Conjurations
 11727 | D:9      | Reached *** piety under Cheibriados
 13598 | D:9      | Found an iron altar of Okawaru.
 13598 | D:9      | Found a bloodstained altar of Trog.
 13680 | D:10     | Entered Level 10 of the Dungeon
 13709 | D:10     | Noticed a kobold demonologist
 13885 | D:10     | Noticed a rust devil
 14256 | D:10     | Noticed an orange demon
 14256 | D:10     | Killed a kobold demonologist
 14258 | D:10     | Reached skill level 5 in Hexes
 14258 | D:10     | Reached skill level 5 in Summonings
 14258 | D:10     | Reached skill level 5 in Necromancy
 14258 | D:10     | Reached skill level 5 in Translocations
 14258 | D:10     | Reached skill level 5 in Transmutations
 14258 | D:10     | Reached skill level 5 in Ice Magic
 14258 | D:10     | Reached skill level 5 in Air Magic
 14258 | D:10     | Reached skill level 5 in Earth Magic
 14258 | D:10     | Reached skill level 5 in Poison Magic
 14258 | D:10     | Reached XP level 11. HP: 67/81 MP: 22/22
 14447 | D:10     | Found a white marble altar of Elyvilon.
 15172 | D:10     | Found a shimmering blue altar of Sif Muna.
 15454 | D:10     | Reached **** piety under Cheibriados
 16177 | D:11     | Noticed a two-headed ogre
 16189 | D:11     | Killed a two-headed ogre
 16610 | D:11     | Noticed a cyclops
 16626 | D:11     | Killed a cyclops
 16660 | D:11     | Found a staircase to the Lair.
 16660 | D:11     | Noticed an oklob plant
 16660 | D:11     | Noticed an oklob plant
 17063 | D:11     | Noticed a skeletal warrior
 17106 | D:11     | Noticed a skeletal warrior
 17552 | D:11     | Reached XP level 12. HP: 91/91 MP: 24/24
 17749 | D:11     | Noticed a boulder beetle
 17782 | D:10     | a boulder beetle changed into a shock serpent
 17782 | D:10     | Noticed a shock serpent
 17785 | D:10     | HP: 4/91 [shock serpent/bolt of electricity (12)]
 17786 | D:10     | a shock serpent changed into an eye of devastation
 18182 | D:10     | Reached ***** piety under Cheibriados
 18357 | D:10     | HP: 4/136 [hell hound (3)]
 18361 | D:10     | Slain by a hell hound

Illustrated notes

Levels and vault maps discovered:
D:1:      minmay_arrival_jagged, layout_basic
D:2:      layout_basic, ebering_ecumenical_altar_rust
D:3:      layout_basic, amcnicky_altar_gilded, hex_tiny,
          chequers_serial_rivers_micro_a, minmay_fractal_squares_diagonal_5
D:4:      layout_rooms, mainiacjoe_overflow_cross_hatched, lemuel_round_altar,
          enter_ossuary_1
D:5:      layout_gridville, lemuel_coloured_pillars_altar,
          minmay_temple_entry_poolview, kennysheep_small_circle, uniq_edmund,
          uniq_pikel
D:6:      layout_basic, mainiacjoe_overflow_two_lobes, serial_shops, shop
D:7:      layout_gridville, cheibrodos_ashenzari_chains,
          makhleb_heckhound_becter
D:8:      layout_basic, zin_scriptorium, lemuel_doored_altar, nzn_ghost_randoct,
          palyth_stone_intersect, kennysheep_generic_room_11
D:9:      layout_loops_ring, grunt_temple_overflow_bloody_war,
          mainiacjoe_overflow_surrounded_room, serial_bayou_pond_d,
          hangedman_weighted_door, kennysheep_path_1, serial_park_tiny_2
D:10:     layout_cave_pools, tgw_sif, mainiacjoe_overflow_catwalk
D:11:     lemuel_vampire_tower, layout_basic, dpeg_oklobed_lair,
          nrook_guardian_serpent_double
Temple:   corrupted_temple

Skill      XL: |  1  2  3  4  5  6  7  8  9 10 11 12 |
---------------+-------------------------------------+-----
Conjurations   | 2 3 4 5 6 |  6.4
Spellcasting   | 5 6 7 8 |  8.9
Invocations    | 1 2 3 4 5 6 7 |  7.9
Fighting       | 1 2 3 4 5 6 7 |  7.2
Short Blades   | 1 2 3 4 5 6 7 |  7.2
Long Blades    | 1 2 3 4 5 6 7 |  7.2
Axes           | 1 2 3 4 5 6 7 |  7.2
Maces & Flails | 1 2 3 4 5 6 7 |  7.2
Polearms       | 1 2 3 4 5 6 7 |  7.2
Staves         | 1 2 3 4 5 6 7 |  7.2
Ranged Weapons | 1 2 3 4 5 6 7 |  7.2
Throwing       | 1 2 3 4 5 6 7 |  7.2
Armour         | 1 2 3 4 5 6 7 |  7.2
Shields        | 1 2 3 4 5 6 7 |  7.2
Unarmed Combat | 1 2 3 4 5 6 7 |  7.2
Evocations     | 1 2 3 4 5 6 7 |  7.2
Hexes          | 1 2 3 4 5 6 |  6.0
Summonings     | 1 2 3 4 5 6 |  6.0
Necromancy     | 1 2 3 4 5 6 |  6.0
Translocations | 1 2 3 4 5 6 |  6.0
Transmutations | 1 2 3 4 5 6 |  6.0
Ice Magic      | 1 2 3 4 5 6 |  6.0
Air Magic      | 1 2 3 4 5 6 |  6.0
Earth Magic    | 1 2 3 4 5 6 |  6.0
Poison Magic   | 1 2 3 4 5 6 |  6.0
Dodging        | 5 6 7 8 |  8.6
Stealth        | 5 6 7 8 |  8.4
Fire Magic     | 6 7 8 |  8.2

Action                     |  1- 3 |  4- 6 |  7- 9 | 10-12 || total
---------------------------+-------+-------+-------+-------++-------
  Melee: Unarmed           |       |    26 |       |       ||    26
         Bite              |       |     2 |     1 |     3 ||     6
         Punch             |       |     1 |     1 |       ||     2
         Long sword        |       |       |     1 |    21 ||    22
   Cast: Foxfire           |   105 |   156 |   192 |   176 ||   629
         Scorch            |       |     6 |    59 |    83 ||   148
         Flame Wave        |       |       |     2 |    29 ||    31
         Inner Flame       |       |       |       |     3 ||     3
  Evoke: Box of beasts     |       |       |       |     3 ||     3
         Wand              |       |       |       |     4 ||     4
    Use: Scroll            |       |       |    18 |     7 ||    25
         Potion            |       |       |     4 |    11 ||    15
 Armour: Robe              |     1 |    19 |    24 |   124 ||   168
  Dodge: Dodged            |     4 |    35 |    84 |   383 ||   506

Table legend: (Time is in decaauts)
 A = Elapsed time spent in this place.
 B = Non-inter-level travel time spent in this place.
 C = Inter-level travel time spent in this place.
 D = Time resting spent in this place.
 E = Time spent auto-exploring this place.
 F = Levels seen in this place.
 G = Mean time per level.
                   A        B        C        D        E       F      G
               +--------+--------+--------+--------+--------+-----+--------+
         Total |  20223 |  19602 |    621 |   6400 |  10186 |  13 | 1555.6 |
       Dungeon |  19316 |  18711 |    605 |   6128 |   9856 |  11 | 1756.0 |
        Temple |     52 |     36 |     16 |      0 |     24 |   1 |   52.0 |
       Ossuary |    854 |    854 |      0 |    272 |    306 |   1 |  854.0 |
               +--------+--------+--------+--------+--------+-----+--------+

Top non-repeatable levels by time:
     D:9: 2959 daAuts
    D:10: 2414 daAuts
     D:8: 2082 daAuts
     D:5: 1897 daAuts
    D:11: 1870 daAuts
     D:3: 1823 daAuts
     D:7: 1498 daAuts
     D:2: 1277 daAuts
     D:6: 1236 daAuts
     D:1: 1201 daAuts
     D:4: 1055 daAuts
 Ossuary: 854 daAuts
  Temple: 52 daAuts
